Map: Chantier naval orbital

Players

AgCl - Winner!

  • Race: Protoss Protoss
  • League: Silver

rasdva

  • Race: Terran Terran
  • League: Silver

VOD

Have the link to the VOD?

Description

Time

  • Played on: July 14, 2015, 5:52 a.m.
  • Length: 9:20
Show
View Real Time Build Order
Export as new Build Order

AgCl Protoss - Winner!

Build Orders: Oracle Opening, Carrier Rush 

Get SALT Encoding   

  12  0:13  Probe, Pylon  
  13  0:25  Probe  
  14  0:30  Assimilator  
  14  0:41  Probe  
  14  0:42  Gateway  
  15  0:51  Pylon  
  15  0:54  Probe (Chrono Boost)  
  16  1:03  Probe (Chrono Boost)  
  17  1:11  Probe  
  17  1:17  Assimilator  
  18  1:23  Probe  
  19  1:28  Zealot (Chrono Boost)  
  21  1:33  Cybernetics Core  
  21  1:35  Probe (Chrono Boost)  
  22  1:46  Pylon  
  22  1:47  Probe (Chrono Boost)  
  23  1:53  Probe (Chrono Boost)  
  24  2:05  Probe (Chrono Boost)  
  25  2:09  Stargate  
  27  2:17  Mothership Core (Chrono Boost), Warp Gate  
  27  2:23  Adept  
  29  2:31  Probe  
  30  2:43  Probe  
  31  2:52  Oracle (Chrono Boost)  
  31  2:55  Probe  
  35  3:07  Probe  
  36  3:19  Probe  
  35  3:24  Nexus  
  35  3:25  Pylon  
  35  3:34  Forge  
  35  3:35  Probe  
  36  3:54  Pylon  
  33  3:58  Probe  
  32  4:07  Fleet Beacon  
  32  4:08  Assimilator  
  31  4:11  Probe  
  32  4:23  Probe  
  31  4:36  Probe (Chrono Boost)  
  31  4:37  Probe (Chrono Boost)  
  33  4:45  Photon Cannon  
  35  4:47  Photon Cannon  
  35  4:48  Mothership Core (Chrono Boost), Probe (Chrono Boost)  
  35  4:51  Carrier (Chrono Boost)  
  36  4:55  Probe (Chrono Boost), Assimilator  
  38  5:07  Probe (Chrono Boost)  
  44  5:20  Probe (Chrono Boost)  
  45  5:26  Probe (Chrono Boost)  
  46  5:31  Probe (Chrono Boost)  
  46  5:32  Graviton Catapult  
  46  5:35  Protoss Air Weapons Level 1  
  48  5:36  Probe (Chrono Boost)  
  48  5:37  Probe (Chrono Boost)  
  49  5:47  Probe  
  50  5:50  Probe  
  50  5:56  Carrier (Chrono Boost)  
  51  6:02  Nexus  
  51  6:05  Pylon  
  51  6:13  Probe (Chrono Boost)  
  59  6:20  Probe (Chrono Boost)  
  59  6:24  Probe (Chrono Boost)  
  60  6:28  Probe (Chrono Boost)  
  60  6:30  Probe  
  60  6:31  Robotics Facility  
  62  6:40  Probe  
  62  6:42  Probe  
  62  6:44  Stargate  
  62  6:47  Pylon  
  64  6:50  Gateway  
  64  6:52  Probe  
  65  6:54  Probe  
  66  7:01  Carrier (Chrono Boost)  
  66  7:04  Probe  
  66  7:07  Probe  
  74  7:20  Observer (Chrono Boost)  
  75  7:26  Probe (Chrono Boost)  
  75  7:27  Gateway, Carrier (Chrono Boost)  
  75  7:28  Pylon  
  78  7:31  Probe (Chrono Boost)  
  78  7:33  Probe (Chrono Boost), Warp Prism (Chrono Boost)  
  85  7:44  Probe  
  85  7:46  Probe  
  85  7:49  Probe  
  88  8:04  Probe  
  88  8:05  Probe  
  90  8:07  Assimilator  
  90  8:09  Probe, Photon Cannon  
  91  8:13  Pylon, Assimilator  
  91  8:23  Pylon  
  91  8:41  Adept  
  91  8:42  Adept  
  103  8:51  Observer (Chrono Boost)  
  103  8:54  Pylon  
  104  8:59  Adept  
Show
View Real Time Build Order
Export as new Build Order

rasdva Terran 

Build Orders: Reaper Expand 

Get SALT Encoding   

  12  0:01  SCV  
  13  0:13  SCV  
  14  0:19  Supply Depot  
  14  0:25  SCV  
  15  0:41  SCV  
  16  0:44  Barracks  
  16  0:53  SCV, Refinery  
  17  1:05  SCV  
  18  1:17  SCV  
  19  1:33  Orbital Command  
  19  1:36  Reaper  
  20  1:40  Command Center  
  20  1:55  Supply Depot, Refinery  
  20  2:00  SCV  
  21  2:11  Barracks Reactor  
  21  2:15  SCV  
  22  2:27  SCV  
  22  2:28  Factory  
  23  2:42  SCV  
  22  2:51  Marine x2  
  23  2:57  SCV  
  23  2:58  SCV  
  24  3:11  SCV  
  24  3:12  Widow Mine  
  24  3:14  Marine x2  
  24  3:16  Starport  
  27  3:28  Orbital Command  
  27  3:35  SCV  
  25  3:53  Marine, Widow Mine  
  25  3:54  Medivac, Marine  
  28  4:09  SCV x2  
  29  4:21  SCV  
  29  4:22  SCV  
  28  4:31  Widow Mine  
  28  4:32  Marine x2  
  28  4:33  SCV  
  28  4:34  SCV  
  34  4:45  SCV  
  34  4:46  SCV  
  34  4:52  Medivac, Marine x2  
  38  4:57  SCV  
  38  4:59  SCV  
  42  5:10  SCV  
  42  5:11  SCV  
  42  5:27  SCV x2, Marine  
  42  5:28  Factory Tech Lab, Starport Tech Lab, Marine  
  46  5:32  Barracks  
  46  5:34  Barracks  
  46  5:35  Command Center, Refinery x2  
  46  5:38  Engineering Bay  
  46  5:42  Engineering Bay  
  46  5:47  Supply Depot  
  46  6:06  Factory Reactor  
  46  6:07  Starport Reactor  
  46  6:09  SCV x2, Marine x2  
  50  6:14  Supply Depot  
  50  6:15  Supply Depot  
  50  6:18  Terran Infantry Weapons Level 1  
  50  6:21  SCV x2  
  52  6:26  Marine x2  
  54  6:36  Marine  
  55  6:44  SCV x2, Marine  
  58  6:55  Marauder  
  56  7:05  Orbital Command  
  56  7:07  Marine x2  
  56  7:08  Marauder  
  60  7:10  Widow Mine, Medivac x2  
  60  7:11  Widow Mine  
  60  7:13  SCV x2  
  70  7:16  Marauder  
  70  7:18  Supply Depot  
  70  7:25  SCV  
  62  7:38  Marine x4  
  55  7:56  Marine x3  
  55  7:57  Marauder  
  51  8:02  Viking x2  
  50  8:08  SCV x2  
  52  8:13  Supply Depot, Marine  
  52  8:14  Marauder, Marine  
  52  8:18  Marine  
  55  8:31  Marine x2  
  55  8:32  Viking x2  
  61  8:35  Marine  
  54  8:42  Marine  
  49  8:49  Marine x2  
  49  8:53  Marine  
Tags
 
Add a new tag
Caveats
  • Supply blocks, unpowered buildings, or Contaminate may cause inaccurate times.
  • Supply counts are checked every 10 seconds.